 Dungeon Crawl Stone Soup version 0.31-a0-788-ga445dbd2db (webtiles) character file.

Game seed: 9873049034523351958

80 Descartes the Insei (level 4, -3/29 HPs)
             Began as an Octopode Shapeshifter on Sept 18, 2023.
             Slain by an orc wizard
             ... wielding a +0 dagger
              (4 damage)
             ... on level 3 of the Dungeon.
             The game lasted 00:02:14 (1772 turns).

Descartes the Insei (Octopode Shapeshifter)         Turns: 1772, Time: 00:02:15

Health: -3/29      AC:  1    Str: 13    XL:     4   Next: 39%
Magic:  4/4        EV: 13    Int: 12    God:
Gold:   216        SH:  0    Dex: 13    Spells: 3/3 levels left

rFire   . .          .
                       - Unarmed
rCold   . . .        (no shield)
rNeg    . . .        (helmet currently unavailable)
rPois   .            k - amulet of reflection
rElec   .            (no ring)
rCorr   .            (no ring)
SInv    .            (no ring)
Will    .....        (no ring)
Stlth   ++           (no ring)
HPRegen 0.24/turn    (no ring)
MPRegen 0.09/turn    (no ring)
                     (no ring)

%: reflection
@: confused, beast-form
A: beast (slay +2), almost no armour, amphibious, 8 rings, camouflage 1,
gelatinous body 1, (nimble swimmer 1), tentacles
a: Begin Untransformation


You were on level 3 of the Dungeon.
You were a hulking beast.
You visited 1 branch of the dungeon, and saw 3 of its levels.

You collected 216 gold pieces.

Inventory:

Missiles
 h - 7 poisoned darts
Jewellery
 d - a ring of fire
 k - an amulet of reflection (around mantle)
Talismans
 b - a beast talisman (active)
 c - a flux talisman
 m - a storm talisman
Scrolls
 f - 3 scrolls of identify {unknown}
 g - a scroll of enchant weapon {unknown}
 j - a scroll of revelation {unknown}
 l - a scroll of teleportation {unknown}
Potions
 a - a potion of lignification
 e - a potion of cancellation {unknown}
 i - a potion of mutation {unknown}


   Skills:
 + Level 2.1 Fighting
 + Level 2.7 Dodging
 + Level 3.5 Unarmed Combat
 + Level 3.5 Shapeshifting


You had 3 spell levels left.
You didn't know any spells.
Your spell library contained the following spells:

 Spells                   Type           Power      Damage    Failure   Level
 Cigotuvi's Dreadful Rot  Necr/Pois/Air  0%         N/A       45%         2
 Static Discharge         Conj/Air       0%         2-2/arc   45%         2
 Ignite Poison            Fire/Tmut/Pois 0%         N/A       69%         3
 Airstrike                Air            0%         2d(0-16)  97%         4
 Summon Lightning Spire   Summ/Air       0%         N/A       97%         4
 Freezing Cloud           Conj/Ice/Air   0%         6-21      100%        5


Dungeon Overview and Level Annotations

Branches:
Dungeon (3/15)

Altars:
Elyvilon


Innate Abilities, Weirdness & Mutations

You are a hulking beast.
Your limbs bulge with bestial killing power. (Slay +2)
You cannot wear most types of armour.
You are amphibious.
You can wear up to eight rings at the same time.
Your skin changes colour to match your surroundings (Stealth+).
Your rubbery body absorbs attacks. (AC +1, EV +1)
((You are camouflaged when in or above water. (Stealth+)))
You have tentacles for arms and can constrict up to eight enemies at once.


Message History

Something hits you.
No target in view!
No target in view!
No target in view!
No target in view!
No target in view!
No target in view!
No target in view!
No target in view!
No target in view!
No target in view!
No target in view!
No target in view!
No target in view!
No target in view!
No target in view!
No target in view!
No target in view!
Unknown command.
You completely miss something. Something hits you.
You tentacle-slap something. Something hits you.
You tentacle-slap something but do no damage.
Your squeeze misses something. Something hits you.
You closely miss something. Your squeeze misses something.
You barely miss something. Something hits you.
You bludgeon something! Your squeeze misses something.
You hear some strange, mumbled words.
You are confused.
You completely miss something. Your squeeze misses something.
You hear some strange, mumbled words.
A magic dart appears from out of thin air!
The magic dart hits you.
* * * LOW HITPOINT WARNING * * *
You closely miss something. Something hits you.
* * * LOW HITPOINT WARNING * * *
You're too confused to move!
Something hits you.
* * * LOW HITPOINT WARNING * * *
Unknown command.
Something hits you.
You die...

######.##..###....# #.#...
........##..##....##########.#...
######..###..................#...
#..# ######.####........#... #..#
#.# #........#... #... #.#
#รท.......# .. ##... #.#
#........####
.#..#####'########........
.........h.).....#........
........{).....#........
....#..........#........ ...
#..........#........ ..
####.#######........ #
#.#######........
#................
.................
................


There were no monsters in sight!

Vanquished Creatures
  An adder (D:3)
  2 worms (D:3)
  4 dart slugs
  4 orcs (D:3)
  5 endoplasms
  2 giant cockroaches (D:1)
  9 hobgoblins
  A quokka (D:1)
  4 ball pythons
  8 bats
  3 frilled lizards
  3 goblins
  5 rats
51 creatures vanquished.

Notes
Turn   | Place    | Note
-------+----------+-------------------------------------------
     0 | D:1      | Descartes the Octopode Shapeshifter began the quest for the
                  | Orb.
     0 | D:1      | Reached XP level 1. HP: 13/13 MP: 1/1
   147 | D:1      | Reached XP level 2. HP: 18/18 MP: 2/2
   642 | D:1      | Reached XP level 3. HP: 23/23 MP: 3/3
  1552 | D:3      | Reached XP level 4. HP: 28/29 MP: 4/4
  1657 | D:3      | Found a white marble altar of Elyvilon.
  1771 | D:3      | HP: 1/29 [something (2)]
  1772 | D:3      | Slain by an orc wizard

Illustrated notes

Levels and vault maps discovered:
D:1:      shiori_arrival_oz, layout_basic, minmay_crystal_water
D:2:      layout_basic, mrwooster_statue_mirror, dreamdust_wishing_well,
          minmay_misc_feat_tiny, minmay_fountain_box, kennysheep_generic_room_4
D:3:      layout_basic, grunt_gozag_statues, nicolae_hepliaklqana_hippocampus,
          lemuel_tele_altar, uniq_terence

Skill      XL: |  1  2  3 |
---------------+----------+-----
Fighting       | 2 |  2.1
Dodging        | |  2.7
Unarmed Combat | |  3.5
Shapeshifting  | |  3.5

Action                     |  1- 3 |  4- 6 || total
---------------------------+-------+-------++-------
  Melee: Unarmed           |    79 |    25 ||   104
         Constrict         |    24 |     6 ||    30
         Tentacles         |    16 |     6 ||    22
   Stab: Sleeping          |    13 |     1 ||    14
 Armour: Skin              |    28 |    15 ||    43
  Dodge: Dodged            |    42 |     6 ||    48
  Block: Other             |     1 |     5 ||     6

Table legend: (Time is in decaauts)
 A = Elapsed time spent in this place.
 B = Non-inter-level travel time spent in this place.
 C = Inter-level travel time spent in this place.
 D = Time resting spent in this place.
 E = Time spent auto-exploring this place.
 F = Levels seen in this place.
 G = Mean time per level.
                   A        B        C        D        E       F      G
               +--------+--------+--------+--------+--------+-----+--------+
         Total |   1765 |   1749 |     16 |      0 |   1425 |   3 |  588.3 |
       Dungeon |   1765 |   1749 |     16 |      0 |   1425 |   3 |  588.3 |
               +--------+--------+--------+--------+--------+-----+--------+

Top non-repeatable levels by time:
     D:2: 721 daAuts
     D:1: 678 daAuts
     D:3: 365 daAuts
